 Dungeon Crawl Stone Soup version 0.30-a0-802-gb92711bcdf (webtiles) character file.

Game seed: 5964387606877785786

67 Pimp the Shield-Bearer (level 4, -2/41 HPs)
             Began as a Minotaur Fighter on Feb 24, 2023.
             Killed by nerve-wracking pain
             ... invoked by an orc priest
              (8 damage)
             ... on level 3 of the Dungeon.
             The game lasted 00:02:02 (1873 turns).

Pimp the Shield-Bearer (Minotaur Fighter)           Turns: 1873, Time: 00:02:03

Health: -2/41      AC:  8    Str: 22    XL:     4   Next: 0%
Magic:  3/3        EV:  9    Int:  5    God:
Gold:   48         SH:  4    Dex: 10    Spells: 3/3 levels left

rFire   . . .      SeeInvis .    a - +0 long sword
rCold   . . .      Faith    .    c - +0 buckler
rNeg    . . .      Spirit   .    b - +0 scale mail
rPois   .          Reflect  .    (helmet restricted)
rElec   .          Harm     .    (no cloak)
rCorr   .          Rampage  .    j - +0 pair of gloves
Will    .....                    (no boots) Stlth
                                 (no amulet)
HPRegen 0.26/turn                (no ring)
MPRegen 0.08/turn                (no ring)

@: no status effects
A: horns 2, retaliatory headbutt
a: no special abilities


You were on level 3 of the Dungeon.
You visited 1 branch of the dungeon, and saw 3 of its levels.

You collected 48 gold pieces.

Inventory:

Hand Weapons
 a - a +0 long sword (weapon)
Armour
 b - a +0 scale mail (worn)
 c - a +0 buckler (worn)
 j - a +0 pair of gloves (worn)
Jewellery
 e - a ring of magical power
Scrolls
 f - a scroll of magic mapping {unknown}
 g - 4 scrolls of amnesia
 i - a scroll of fear {unknown}
 k - a scroll of teleportation {unknown}
 l - a scroll of identify {unknown}
Potions
 d - a potion of might


   Skills:
 + Level 4.3 Fighting
 + Level 3.2 Long Blades
 + Level 4.3 Armour
 + Level 4.3 Shields


You had 3 spell levels left.
You didn't know any spells.
Your spell library contained the following spells:

 Spells                   Type           Power      Damage    Failure   Level
 Sting                    Tmut/Pois      0%         1d3       87%         1
 Poisonous Vapours        Pois/Air       0%         N/A       95%         2
 Olgreb's Toxic Radiance  Pois           0%         N/A       100%        4


Dungeon Overview and Level Annotations

Branches:
Dungeon (3/15)

Altars:


Innate Abilities, Weirdness & Mutations

You have a pair of horns on your head.
You reflexively headbutt those who attack you in melee.


Message History

You kill the orc!
You barely miss the orc. You closely miss the orc. The orc closely misses you.
You hit the orc but do no damage. The orc hits you but does no damage.
You block the orc's attack. The orc hits you with a +0 hand axe.
The orc closely misses you.
You hit the orc.
The orc is severely wounded.
The orc hits you but does no damage. x2
You hit the orc. You headbutt the orc.
You kill the orc!
The orc priest calls down the wrath of Beogh upon you.
Beogh smites you!
You hit the orc.
You kill the orc!
The orc priest mumbles some strange prayers to Beogh against you.
Beogh smites you!
You have reached level 4!
You feel agile.
You hit the orc priest.
The orc priest is moderately wounded.
The orc priest mumbles some strange prayers to Beogh against you.
Pain shoots through your body!
* * * LOW HITPOINT WARNING * * *
You hit the orc priest.
The orc priest is moderately wounded.
You block the orc priest's attack.
You barely miss the orc priest.
The orc priest is moderately wounded.
The orc priest hits you but does no damage.
The orc priest hits you with a +0 club.
* * * LOW HITPOINT WARNING * * *
You hit the orc priest.
The orc priest is severely wounded.
The orc priest closely misses you.
You barely miss the orc priest.
The orc priest is severely wounded.
The orc priest mumbles some strange prayers to Beogh against you.
Pain shoots through your body!
You die...

#############
#...........#
#.########.##
.######## #.#
#.# .....?o@#
#.########.#
......#)#
#.#........#
.#### #.#
#.#.########
#.###.#.#
#.......#
#.#######.#
#...^.....#
########..#
#..###


You could see an orc priest.

Vanquished Creatures
  2 adders (D:2)
  3 dart slugs (D:2)
  4 orcs (D:3)
  3 ball pythons
  4 endoplasms
  2 giant cockroaches
  3 goblins
  2 hobgoblins
  4 kobolds
  A quokka (D:1)
  4 bats
  3 frilled lizards
  3 rats
38 creatures vanquished.

Notes
Turn   | Place    | Note
-------+----------+-------------------------------------------
     0 | D:1      | Pimp the Minotaur Fighter began the quest for the Orb.
     0 | D:1      | Reached XP level 1. HP: 19/19 MP: 0/0
   449 | D:1      | Reached XP level 2. HP: 27/27 MP: 1/1
  1106 | D:2      | Reached XP level 3. HP: 32/33 MP: 2/2
  1869 | D:3      | Reached XP level 4. HP: 14/41 MP: 3/3
  1873 | D:3      | Killed from afar by an orc priest

Illustrated notes

Levels and vault maps discovered:
D:1:      tarquinn_simple_flora_water_a, layout_basic
D:2:      minmay_general_purpose_star, layout_loops_ring, moated_statue
D:3:      layout_basic, nicolae_hepliaklqana_hippocampus, uniq_terence,
          uniq_jessica

Skill      XL: |  1  2 |
---------------+-------+-----
Shields        | 4 |  4.3
Armour         | 4 |  4.3
Fighting       | 4 |  4.3
Long Blades    | 3 |  3.2

Action                     |  1- 3 |  4- 6 || total
---------------------------+-------+-------++-------
  Melee: Long sword        |    77 |     5 ||    82
         Headbutt          |    11 |       ||    11
    Use: Scroll            |     1 |       ||     1
         Potion            |     1 |       ||     1
 Armour: Scale mail        |    56 |     1 ||    57
  Dodge: Dodged            |    39 |     1 ||    40
  Block: Buckler           |    17 |     1 ||    18

Table legend: (Time is in decaauts)
 A = Elapsed time spent in this place.
 B = Non-inter-level travel time spent in this place.
 C = Inter-level travel time spent in this place.
 D = Time resting spent in this place.
 E = Time spent auto-exploring this place.
 F = Levels seen in this place.
 G = Mean time per level.
                   A        B        C        D        E       F      G
               +--------+--------+--------+--------+--------+-----+--------+
         Total |   1895 |   1664 |    231 |     29 |   1362 |   3 |  631.7 |
       Dungeon |   1895 |   1664 |    231 |     29 |   1362 |   3 |  631.7 |
               +--------+--------+--------+--------+--------+-----+--------+

Top non-repeatable levels by time:
     D:1: 936 daAuts
     D:2: 814 daAuts
     D:3: 145 daAuts
